[Event "January 2 Late 2024"]
[Site "https://www.chess.com"]
[Date "2024.01.02"]
[Round "5"]
[White "Bok, Benjamin"]
[Black "Han, Yichen"]
[Result "1/2-1/2"]
[Board "32"]
[TimeControl "180+1"]
[WhiteFideId "1017063"]
[BlackFideId "1054430"]
[WhiteElo "2945"]
[BlackElo "2699"]
[WhiteTeam "NED"]
[BlackTeam "NED"]
[WhiteClock "0:00:07"]
[BlackClock "0:00:04"]

1. d4 d5 2. c4 e6 3. Nc3 Nf6 4. cxd5 exd5 5. Bg5 c6 6. e3 Be7 7. Bd3 Nbd7 8. h3 Nf8 9. Bf4 Ne6 10. Bh2 O-O 11. Nf3 b5 12. O-O b4 13. Na4 c5 14. dxc5 Nxc5 15. Nxc5 Bxc5 16. Rc1 Bd6 17. Bxd6 Qxd6 18. Qc2 Bd7 19. Qc7 Qxc7 20. Rxc7 Rfc8 21. Rfc1 Kf8 22. Ne5 Rxc7 23. Rxc7 Be6 24. Ba6 Ne8 25. Rc1 Nd6 26. Nc6 d4 27. exd4 Bxa2 28. Nxb4 Be6 29. d5 Bc8 30. Rc7 Bxa6 31. Nxa6 Ne8 32. Rb7 Rd8 33. Rxa7 Rxd5 34. b4 Rd1+ 35. Kh2 Rd2 36. b5 Rb2 37. Rb7 Nd6 38. Rb8+ Ke7 39. b6 Rxf2 40. Nc5 Rb2 41. b7 Rb5 42. Rc8 Nxb7 43. Rc7+ Kd6 44. Rxb7 Rxc5 45. Rxf7 Rg5 46. h4 Rg4 47. Kh3 h5 48. Rf5 g6 49. Rf6+ Ke5 50. Rf8 Ke6 51. g3 Ke7 52. Rf3 Ke6 53. Rf1 Ra4 54. Kg2 Rb4 55. Rf2 Ra4 56. Rf8 Rb4 57. Kf3 Ra4 58. Ke3 Rb4 59. Kf3 Ra4 60. Rb8 Rc4 61. Rb6+ Kf7 62. Rb7+ Kf6 63. Rb6+ Kf7 64. Ra6 Rb4 65. Ra7+ Kf6 66. Ra5 Kf7 67. Ra6 Rc4 68. Ra7+ Kf6 69. Ra6+ Kf7 70. Ra5 Rb4 71. Rc5 Kf6 72. Rc7 Ra4 73. Rb7 Rc4 74. Rb6+ Kf7 1/2-1/2

[Event "January 2 Late 2024"]
[Site "https://www.chess.com"]
[Date "2024.01.02"]
[Round "5"]
[White "Yoo, Christopher Woojin"]
[Black "Popilski, Gil"]
[Result "1-0"]
[Board "33"]
[TimeControl "180+1"]
[WhiteFideId "30909694"]
[BlackFideId "2809060"]
[WhiteElo "2935"]
[BlackElo "2689"]
[WhiteTeam "USA"]
[BlackTeam "ISR"]
[WhiteClock "0:00:42"]
[BlackClock "0:00:07"]

1. e4 c5 2. Nf3 d6 3. d4 cxd4 4. Nxd4 Nf6 5. Nc3 g6 6. Be3 Bg7 7. f3 O-O 8. Qd2 Nc6 9. O-O-O d5 10. Qe1 e5 11. Nxc6 bxc6 12. exd5 Nxd5 13. Bc4 Be6 14. Kb1 Re8 15. Ne4 Qc7 16. Bb3 Rad8 17. Bg5 Rd7 18. Nc5 Rd6 19. Qh4 Bf5 20. g4 Bc8 21. Ne4 Rde6 22. Bc1 R6e7 23. Rhg1 Nf4 24. Rg3 Be6 25. Bxe6 Nxe6 26. Rh3 Nf4 27. Qxh7+ Kf8 28. g5 Re6 29. Be3 Nd5 30. Bc5+ Ne7 31. Nf6 Rxf6 32. gxf6 Bxf6 33. Rd6 Bg7 34. b4 Qc8 35. Rg3 a5 36. Rdxg6 fxg6 37. Rxg6 1-0

[Event "January 2 Late 2024"]
[Site "https://www.chess.com"]
[Date "2024.01.02"]
[Round "5"]
[White "Tanriverdi, Enes"]
[Black "Kovalev, Vladislav"]
[Result "1-0"]
[Board "34"]
[TimeControl "180+1"]
[WhiteFideId "34543279"]
[BlackFideId "13504398"]
[WhiteElo "2687"]
[BlackElo "2923"]
[WhiteTeam "TUR"]
[BlackTeam "FID"]
[WhiteClock "0:00:02"]
[BlackClock "0:00:00"]

1. d4 Nf6 2. Nf3 d5 3. c4 e6 4. Nc3 Be7 5. Bg5 h6 6. Bh4 Ne4 7. Bxe7 Qxe7 8. e3 O-O 9. Bd3 Nxc3 10. bxc3 dxc4 11. Bxc4 b6 12. O-O Bb7 13. Re1 Nd7 14. e4 Rfd8 15. Bd3 c5 16. a4 cxd4 17. cxd4 a5 18. h3 Rac8 19. Rb1 Rc3 20. Qd2 Rdc8 21. Re3 Qa3 22. Kh2 R8c7 23. e5 Bd5 24. Nh4 Nf8 25. Rg3 Kh8 26. Rxb6 Qe7 27. Nf3 Ng6 28. Rb5 Ra3 29. Rb8+ Nf8 30. Ne1 Rxa4 31. Bb1 Rb4 32. Rxb4 axb4 33. Qd3 b3 34. Qe3 b2 35. Nd3 Rb7 36. Nc5 Rb8 37. Rg4 Ng6 38. Qg3 Rb4 39. h4 1-0

[Event "January 2 Late 2024"]
[Site "https://www.chess.com"]
[Date "2024.01.02"]
[Round "5"]
[White "Sevgi, Volkan"]
[Black "Harsha Bharathakoti"]
[Result "0-1"]
[Board "35"]
[TimeControl "180+1"]
[WhiteFideId "6325335"]
[BlackFideId "5078776"]
[WhiteElo "2683"]
[BlackElo "2918"]
[WhiteTeam "TUR"]
[BlackTeam "IND"]
[WhiteClock "0:00:06"]
[BlackClock "0:00:06"]

1. e4 Nc6 2. Nc3 d6 3. g3 g6 4. Bg2 Bg7 5. d3 h5 6. h3 e5 7. Nge2 Nge7 8. Bg5 Be6 9. Nd5 O-O 10. Nf6+ Kh8 11. g4 h4 12. f4 exf4 13. Nxf4 Ne5 14. O-O Nd7 15. Qe1 Bxf6 16. Qxh4+ Kg7 17. Nh5+ gxh5 18. Rxf6 Rg8 19. Raf1 Nxf6 20. Rxf6 Kf8 21. d4 c6 22. d5 cxd5 23. exd5 Qb6+ 24. Kh2 Nxd5 25. Rf1 Ne3 26. Bh6+ Ke8 27. Re1 Nxg2 28. Kxg2 Qc6+ 29. Kg1 Qc5+ 30. Be3 Qd5 31. g5 Kd7 32. c4 Qxc4 33. Qxh5 Rh8 34. Qf3 Rxh3 35. Qxb7+ Qc7 36. Qxa8 Rg3+ 37. Kf2 Rh3 38. Qg2 Qa5 39. Kg1 Qb5 40. Rd1 Qc6 41. Qxc6+ Kxc6 42. Kf2 a6 43. Rc1+ Kd7 44. Kg2 Rxe3 45. Kf2 Re5 46. Rg1 Rf5+ 47. Ke3 Bxa2 48. g6 fxg6 49. Rxg6 Re5+ 50. Kd4 Kc6 51. Rg8 Bxg8 0-1

[Event "January 2 Late 2024"]
[Site "https://www.chess.com"]
[Date "2024.01.02"]
[Round "5"]
[White "Schmakel, Sam"]
[Black "Liascovich, Lucas"]
[Result "0-1"]
[Board "36"]
[TimeControl "180+1"]
[WhiteFideId "2039311"]
[BlackFideId "108634"]
[WhiteElo "2681"]
[BlackElo "2913"]
[WhiteTeam "USA"]
[BlackTeam "ARG"]
[WhiteClock "0:00:30"]
[BlackClock "0:00:58"]

1. d4 d5 2. Nf3 Nf6 3. c4 dxc4 4. e3 Bg4 5. Bxc4 e6 6. Qb3 Bxf3 7. gxf3 Nbd7 8. Nc3 Rb8 9. e4 b5 10. Be2 c5 11. Bf4 Rb6 12. O-O-O c4 13. Qc2 Be7 14. Rhg1 O-O 15. e5 Nd5 16. Bh6 g6 17. Nxd5 exd5 18. f4 Re8 19. f5 Bf8 20. Bxf8 Nxf8 21. f6 b4 22. Qd2 c3 23. Qh6 Rxf6 24. exf6 Qxf6 25. Bd3 Qxf2 26. Bc2 Re2 27. Bb3 Rxb2 28. Rd2 Qxg1+ 0-1

[Event "January 2 Late 2024"]
[Site "https://www.chess.com"]
[Date "2024.01.02"]
[Round "5"]
[White "Riff, Vincent"]
[Black "Tari, Aryan"]
[Result "1/2-1/2"]
[Board "37"]
[TimeControl "180+1"]
[WhiteFideId "617776"]
[BlackFideId "1510045"]
[WhiteElo "2680"]
[BlackElo "2909"]
[WhiteTeam "FRA"]
[BlackTeam "NOR"]
[WhiteClock "0:00:55"]
[BlackClock "0:00:04"]

1. e4 e5 2. Nf3 Nc6 3. Bb5 Nge7 4. O-O Ng6 5. d3 Bc5 6. Be3 Bxe3 7. fxe3 d6 8. Bxc6+ bxc6 9. Nbd2 O-O 10. Qe1 f5 11. exf5 Bxf5 12. Qg3 Qe7 13. h4 h6 14. h5 Nh8 15. Nh4 Bh7 16. Rxf8+ Rxf8 17. Rf1 Rxf1+ 18. Nxf1 Nf7 19. e4 Qe6 20. b3 d5 21. exd5 cxd5 22. Ne3 c6 23. Qg4 Qxg4 24. Nxg4 e4 25. dxe4 Bxe4 26. c3 Ng5 27. Kf2 Bb1 28. a3 Ne4+ 29. Ke3 Nxc3 30. Kd4 Nb5+ 31. Kc5 Nxa3 32. Ne5 Be4 33. Nxc6 Nc2 34. Ne7+ Kf7 35. Nxd5 Ke6 36. Nc3 Bb7 37. b4 Kf6 38. g4 Ne3 39. Nb5 Nxg4 40. Nxa7 Kg5 41. Ng6 Kxh5 42. Nf4+ Kg5 43. Ne6+ Kf6 44. Nd8 Ba8 45. Nb5 h5 46. Nc7 Bf3 47. Nd5+ Bxd5 48. Kxd5 h4 49. Ke4 Ke7 50. Nc6+ Kd6 51. Nd4 g5 52. Kf5 Ne5 53. Kxg5 h3 54. Nf5+ Kd5 55. Ng3 Kc4 56. Kh4 Nc6 57. Kxh3 Nxb4 1/2-1/2

[Event "January 2 Late 2024"]
[Site "https://www.chess.com"]
[Date "2024.01.02"]
[Round "5"]
[White "Zhigalko, Sergei"]
[Black "Annaberdiyev, Meylis"]
[Result "1-0"]
[Board "38"]
[TimeControl "180+1"]
[WhiteFideId "13502956"]
[BlackFideId "14000563"]
[WhiteElo "2909"]
[BlackElo "2680"]
[WhiteTeam "BLR"]
[BlackTeam "TKM"]
[WhiteClock "0:00:03"]
[BlackClock "0:00:00"]

1. e4 c5 2. Nf3 Nc6 3. c3 Nf6 4. e5 Nd5 5. Bc4 Nb6 6. Bb3 d5 7. exd6 Qxd6 8. O-O c4 9. Bc2 Bg4 10. Re1 O-O-O 11. b3 Qf6 12. Na3 Bxf3 13. Qxf3 Qxf3 14. gxf3 cxb3 15. axb3 e6 16. Nc4 Nd5 17. b4 a6 18. Rb1 b5 19. Ne3 Nf4 20. d4 Bd6 21. Ra1 Kb7 22. Be4 Rc8 23. d5 exd5 24. Nxd5 Nxd5 25. Bxd5 Rhd8 26. Bxf7 Be5 27. Ra3 Rd3 28. c4 Rxa3 29. Bxa3 Bc3 30. Rb1 bxc4 31. Bxc4 Nd4 32. Bd5+ Kb6 33. Kf1 Rd8 34. Be4 Nb5 35. Bc1 Rd1+ 36. Ke2 Re1+ 37. Kd3 Rh1 38. Be3+ 1-0

[Event "January 2 Late 2024"]
[Site "https://www.chess.com"]
[Date "2024.01.02"]
[Round "5"]
[White "Tang, Andrew"]
[Black "TheCavemanChess"]
[Result "1/2-1/2"]
[Board "39"]
[TimeControl "180+1"]
[WhiteFideId "2059630"]
[WhiteElo "2904"]
[BlackElo "2673"]
[WhiteTeam "USA"]
[WhiteClock "0:01:05"]
[BlackClock "0:00:22"]

1. d4 Nf6 2. c4 e6 3. Nc3 d5 4. cxd5 exd5 5. Bg5 Be7 6. e3 O-O 7. Bd3 Re8 8. Qc2 h6 9. Bh4 c5 10. Nge2 Nc6 11. dxc5 d4 12. O-O-O dxc3 13. Bxf6 Bxf6 14. Bh7+ Kh8 15. Rxd8 cxb2+ 16. Kb1 Rxd8 17. Be4 Be6 18. a3 Na5 19. Nd4 Bxd4 20. exd4 Rxd4 21. Re1 Nc4 22. Qc3 Rad8 23. Bc2 Rd2 24. f4 Rxg2 25. Rxe6 Nd2+ 26. Kxb2 fxe6 27. Kc1 Rg1+ 28. Kb2 Rg2 29. Kc1 Rg1+ 30. Kb2 Rg2 1/2-1/2

[Event "January 2 Late 2024"]
[Site "https://www.chess.com"]
[Date "2024.01.02"]
[Round "5"]
[White "Kukhmazov, Arsen"]
[Black "Hua, Lefong"]
[Result "1-0"]
[Board "40"]
[TimeControl "180+1"]
[WhiteFideId "24108260"]
[BlackFideId "2602253"]
[WhiteElo "2869"]
[BlackElo "2676"]
[WhiteTeam "FID"]
[BlackTeam "CAN"]
[WhiteClock "0:00:08"]
[BlackClock "0:00:03"]

1. d4 Nf6 2. c4 c5 3. d5 e6 4. Nc3 exd5 5. cxd5 d6 6. Nf3 g6 7. Bf4 a6 8. e4 Bg7 9. Qa4+ Bd7 10. Qb3 Bc8 11. Qa4+ Bd7 12. Qb3 Bc8 13. a4 O-O 14. Be2 Ne8 15. O-O Nd7 16. h3 Qe7 17. Rfe1 Rb8 18. Nd2 Nc7 19. Nc4 Ne5 20. Nb6 Na8 21. a5 Nxb6 22. Qxb6 Bd7 23. Bg3 g5 24. Rac1 Rfc8 25. Nd1 c4 26. Ne3 Rc5 27. Nxc4 Rbc8 28. b3 Bb5 29. Rb1 Bxc4 30. bxc4 R8c7 31. Bf1 Bf8 32. Rec1 h5 33. f3 Nxc4 34. Bxc4 Rxc4 35. Rxc4 Rxc4 36. Qxb7 Qf6 37. Qb2 Qd8 38. Qb6 Qf6 39. Qxa6 Rc2 40. Qd3 Ra2 41. a6 g4 42. hxg4 hxg4 43. f4 Qd8 44. Bf2 Qa5 45. a7 Ra3 46. Qe2 g3 47. Qg4+ Kh7 48. Qh5+ Kg7 49. Bd4+ f6 50. Qg5+ Kh7 51. Qf5+ Kg8 52. Qxf6 Ra1 53. Qg6+ 1-0

[Event "January 2 Late 2024"]
[Site "https://www.chess.com"]
[Date "2024.01.02"]
[Round "5"]
[White "Banzea, Alexandru-Bogdan"]
[Black "Szpar, Milosz"]
[Result "0-1"]
[Board "41"]
[TimeControl "180+1"]
[WhiteFideId "1232622"]
[BlackFideId "1184989"]
[WhiteElo "2671"]
[BlackElo "2865"]
[WhiteTeam "ROU"]
[BlackTeam "POL"]
[WhiteClock "0:00:00"]
[BlackClock "0:00:14"]

1. d4 d5 2. Nc3 Nf6 3. Bf4 e6 4. Nb5 Bb4+ 5. c3 Ba5 6. e3 a6 7. Na3 O-O 8. Nf3 Nbd7 9. Nb1 c6 10. Nbd2 Bc7 11. Bd3 c5 12. Ne5 Re8 13. h4 Nxe5 14. dxe5 Nd7 15. Nf3 Nf8 16. h5 b5 17. h6 g6 18. Nh2 f5 19. Nf3 Bb7 20. Qe2 Qd7 21. Rg1 Kh8 22. g4 Rac8 23. Rd1 Bd8 24. Bg5 d4 25. Bxd8 Bxf3 26. Qxf3 Rexd8 27. gxf5 exf5 28. exd4 cxd4 29. cxd4 Qxd4 30. Kf1 Ne6 31. Be2 Qxe5 32. Rxd8+ Rxd8 33. Qc3 Qxc3 34. bxc3 Nf4 35. Rg3 Kg8 36. Re3 Kf7 37. Bf3 Rd2 38. c4 bxc4 39. Ra3 Rd3 40. Rxd3 cxd3 0-1

[Event "January 2 Late 2024"]
[Site "https://www.chess.com"]
[Date "2024.01.02"]
[Round "5"]
[White "Spata, German"]
[Black "Rustemov, Alexander"]
[Result "0-1"]
[Board "42"]
[TimeControl "180+1"]
[WhiteFideId "113026"]
[BlackFideId "4119002"]
[WhiteElo "2659"]
[BlackElo "2863"]
[WhiteTeam "ARG"]
[BlackTeam "RUS"]
[WhiteClock "0:00:00"]
[BlackClock "0:00:45"]

1. d4 Nf6 2. Nf3 c6 3. c3 d5 4. Bf4 Bf5 5. e3 e6 6. Bd3 Bxd3 7. Qxd3 Qb6 8. Qc2 c5 9. O-O Nc6 10. Nbd2 Be7 11. Ne5 O-O 12. Qb3 Rac8 13. Rfe1 Rfd8 14. Rad1 h6 15. h3 Nd7 16. Nxd7 Rxd7 17. Nf3 Qa6 18. Ne5 Rdd8 19. dxc5 Bxc5 20. Nxc6 Qxc6 21. a3 Be7 22. Re2 b5 23. Red2 a5 24. Qa2 Qc4 25. Qb1 Bf6 26. Qd3 Rc6 27. f3 Rdc8 28. Bg3 b4 29. Qxc4 Rxc4 30. cxb4 axb4 31. Be1 b3 32. Rd3 Rb8 33. Bc3 Bxc3 34. Rxc3 Rxc3 35. bxc3 Rc8 36. Rc1 Ra8 37. Ra1 Kf8 38. Kf2 Ke7 39. Ke2 Kd6 40. Kd3 Ra4 41. e4 Kc5 42. exd5 exd5 43. Re1 Rxa3 44. Re7 Ra6 45. Rc7+ Rc6 0-1

[Event "January 2 Late 2024"]
[Site "https://www.chess.com"]
[Date "2024.01.02"]
[Round "5"]
[White "Mirzoev, Azer"]
[Black "Batsuren, Dambasuren"]
[Result "0-1"]
[Board "43"]
[TimeControl "180+1"]
[WhiteFideId "13400304"]
[BlackFideId "4902920"]
[WhiteElo "2656"]
[BlackElo "2852"]
[WhiteTeam "AZE"]
[BlackTeam "MGL"]
[WhiteClock "0:00:00"]
[BlackClock "0:00:10"]

1. d4 Nf6 2. Nf3 c5 3. d5 b5 4. Bg5 Bb7 5. Bxf6 exf6 6. e4 a6 7. a4 b4 8. Bc4 d6 9. Nbd2 Nd7 10. O-O g6 11. Bd3 Bg7 12. a5 O-O 13. Nc4 Qc7 14. Re1 Rae8 15. Qd2 f5 16. exf5 Bxd5 17. fxg6 hxg6 18. Ng5 Bb7 19. Qf4 Qc6 20. Bf1 d5 21. Nd6 Rxe1 22. Rxe1 Nf6 23. Nxb7 Qxb7 24. Qd6 c4 25. Re7 Qc8 26. h3 Qf5 27. Nf3 Qxc2 28. Qxb4 Ne4 29. Qb6 Qxb2 30. Rb7 c3 31. Rc7 Rb8 32. Qe3 c2 33. Bd3 Bc3 34. Bxc2 Qxc2 35. g3 Qd1+ 36. Kg2 Rb1 0-1

[Event "January 2 Late 2024"]
[Site "https://www.chess.com"]
[Date "2024.01.02"]
[Round "5"]
[White "Olsen, Filip Boe"]
[Black "Maksimovic, Bojan"]
[Result "0-1"]
[Board "44"]
[TimeControl "180+1"]
[WhiteFideId "1440640"]
[BlackFideId "14408120"]
[WhiteElo "2653"]
[BlackElo "2847"]
[WhiteTeam "DEN"]
[BlackTeam "BIH"]
[WhiteClock "0:00:16"]
[BlackClock "0:00:46"]

1. c4 g6 2. d4 Bg7 3. Nc3 d6 4. e4 e5 5. d5 a5 6. g4 Bh6 7. h4 Bxc1 8. Rxc1 h5 9. g5 Na6 10. Bh3 Ne7 11. Qf3 O-O 12. Nge2 Bxh3 13. Qxh3 Qc8 14. Qxc8 Nxc8 15. Nb5 Nb6 16. Rh3 Nd7 17. Nec3 f6 18. gxf6 Rxf6 19. Ke2 Raf8 20. f3 Kh7 21. Rg1 c6 22. dxc6 bxc6 23. Na3 Ndc5 24. Nc2 Ne6 25. Ke3 Nb4 26. Ne1 Nd4 27. a3 Nbc2+ 28. Nxc2 Nxc2+ 29. Kf2 Nd4 30. Rgg3 Rb8 31. Nd1 Rb3 32. f4 Rxf4+ 33. Kg2 Rxg3+ 34. Rxg3 Rxe4 35. Nc3 Rxh4 36. b4 axb4 37. axb4 Nf5 38. Rd3 Rxc4 39. b5 cxb5 40. Nxb5 Kh6 41. Nxd6 Nxd6 42. Rxd6 Kg5 43. Re6 Kf5 44. Re8 Rc3 45. Rf8+ Kg4 46. Rf6 g5 47. Re6 Rc2+ 48. Kg1 Kf4 49. Rf6+ Kg3 50. Rf1 Re2 51. Rd1 e4 52. Rf1 g4 53. Kh1 h4 54. Kg1 h3 55. Kh1 e3 56. Rg1+ Kf3 57. Rf1+ Rf2 58. Rg1 e2 59. Re1 Rf1+ 60. Kh2 g3+ 61. Kxh3 Rxe1 62. Kh4 g2 63. Kg5 g1=Q+ 64. Kf6 Rf1 65. Ke7 e1=Q+ 66. Kd6 Qd4+ 67. Kc7 Qec3+ 68. Kb7 Rb1+ 69. Ka6 Qa4# 0-1

[Event "January 2 Late 2024"]
[Site "https://www.chess.com"]
[Date "2024.01.02"]
[Round "5"]
[White "Atanasov, Anthony"]
[Black "Mekhitarian, Krikor Sevag"]
[Result "1-0"]
[Board "45"]
[TimeControl "180+1"]
[WhiteFideId "2623897"]
[BlackFideId "2107660"]
[WhiteElo "2651"]
[BlackElo "2843"]
[WhiteTeam "CAN"]
[BlackTeam "BRA"]
[WhiteClock "0:00:09"]
[BlackClock "0:00:04"]

1. e4 e6 2. d4 d5 3. exd5 exd5 4. Nf3 Nc6 5. h3 Bd6 6. Bd3 Nge7 7. O-O Bf5 8. Re1 Qd7 9. c3 f6 10. a4 O-O 11. a5 a6 12. Qc2 Rfe8 13. Na3 Bxd3 14. Qxd3 Nxa5 15. b4 Nb3 16. Rb1 Nxc1 17. Rbxc1 c6 18. Nb1 Ng6 19. Nbd2 Rxe1+ 20. Rxe1 Re8 21. Rxe8+ Qxe8 22. g3 Qe6 23. Kg2 Ne7 24. Nb3 g5 25. Na5 Qd7 26. Nh2 Kg7 27. Ng4 h5 28. Ne3 f5 29. Qe2 Kg6 30. g4 hxg4 31. hxg4 f4 32. Nf1 b5 33. Nb7 Kf7 34. Nxd6+ Qxd6 35. Nd2 Qe6 36. Qxe6+ Kxe6 37. Nf3 Kf6 38. Ne5 Ke6 39. Kf3 Kf6 40. Ke2 Kg7 41. Nd7 Nc8 42. Nb8 Nb6 43. Nxc6 Kf6 44. Nb8 Na4 45. Kd2 Nb2 46. Nxa6 Nc4+ 47. Ke2 Na3 48. Nc7 Kf7 49. Nxd5 Ke6 50. Nc7+ Kd7 51. Na6 Kc6 52. Kd3 Kb6 53. Nb8 Kc7 54. Na6+ Kc6 55. Nc5 Kd5 56. Ne4 Nc4 57. Nxg5 Nb2+ 58. Kc2 Nc4 59. f3 Ne3+ 60. Kd3 Nc4 61. Nh3 Nb2+ 62. Kc2 Kc4 63. Kxb2 Kd3 64. Nxf4+ Kc4 65. Ne2 Kd3 66. Nc1+ Kc4 67. Kc2 Kd5 68. Kd3 Ke6 69. Ne2 Kf6 70. f4 Kg6 71. Ng3 Kh7 72. Nf1 Kg6 73. Ne3 Kf7 74. Nd1 1-0

[Event "January 2 Late 2024"]
[Site "https://www.chess.com"]
[Date "2024.01.02"]
[Round "5"]
[White "Ozates, Tuna"]
[Black "Bachmann, Axel"]
[Result "0-1"]
[Board "46"]
[TimeControl "180+1"]
[WhiteFideId "6354521"]
[BlackFideId "3700488"]
[WhiteElo "2650"]
[BlackElo "2822"]
[WhiteTeam "TUR"]
[BlackTeam "PAR"]
[WhiteClock "0:00:02"]
[BlackClock "0:00:12"]

1. e4 Nc6 2. Nf3 d6 3. d4 Nf6 4. d5 Nb8 5. Bd3 g6 6. c4 c6 7. Nc3 Bg7 8. h3 O-O 9. O-O a5 10. Re1 Na6 11. Bf4 Nd7 12. Qd2 Nac5 13. Bc2 a4 14. Rad1 Qa5 15. dxc6 bxc6 16. e5 Nb6 17. b3 axb3 18. axb3 Qb4 19. Nd5 Nxd5 20. cxd5 Qxd2 21. Rxd2 cxd5 22. exd6 e6 23. Ne5 Nd7 24. Nxd7 Bxd7 25. Be5 Bxe5 26. Rxe5 Ra6 27. Re3 Rc8 28. b4 Rxd6 29. Bd1 Rc1 30. Kh2 Rb1 31. Rb3 Rxb3 32. Bxb3 Rb6 33. Rd4 Kf8 34. f4 Ke7 35. g4 f6 36. Kg3 Bc6 37. h4 e5 38. fxe5 fxe5 39. Rd1 Kd6 40. h5 Rxb4 41. Bc2 gxh5 42. gxh5 e4 43. Kf4 Rc4 44. Bb1 Kc5 45. h6 Rc3 46. Rg1 Rh3 47. Rc1+ Kd6 48. Rd1 Rxh6 49. Kg5 Rg6+ 50. Kf5 Re6 51. Rh1 Re5+ 52. Kf4 Re7 53. Rh6+ Kc5 54. Ke3 d4+ 55. Kd2 e3+ 56. Ke1 Bb5 57. Rh5+ Kb4 58. Bc2 d3 59. Rxb5+ Kxb5 60. Bxd3+ Kc5 0-1

[Event "January 2 Late 2024"]
[Site "https://www.chess.com"]
[Date "2024.01.02"]
[Round "5"]
[White "Martin Fuentes, Alberto"]
[Black "Lysyj, Igor"]
[Result "1-0"]
[Board "47"]
[TimeControl "180+1"]
[WhiteFideId "2292289"]
[BlackFideId "4150120"]
[WhiteElo "2641"]
[BlackElo "2821"]
[WhiteTeam "ESP"]
[BlackTeam "FID"]
[WhiteClock "0:00:06"]
[BlackClock "0:00:00"]

1. e4 e5 2. Nf3 Nc6 3. d4 exd4 4. Bc4 Bc5 5. Ng5 Nh6 6. Nxf7 Nxf7 7. Bxf7+ Kxf7 8. Qh5+ g6 9. Qxc5 d5 10. e5 Bf5 11. O-O Qd7 12. c3 b6 13. Qb5 Nxe5 14. Qxd7+ Bxd7 15. cxd4 Nd3 16. Nc3 c6 17. Rb1 Rae8 18. Be3 Bf5 19. b4 b5 20. h3 h5 21. Rb3 a5 22. bxa5 Ra8 23. a4 b4 24. Na2 Rxa5 25. Nxb4 Rb8 26. Rxd3 Rxb4 27. Rc3 Rc4 28. Rb3 Ra7 29. a5 c5 30. dxc5 d4 31. Bg5 Rxc5 32. Rb4 Bd3 33. Rd1 Be2 34. Rd2 d3 35. Be3 Raxa5 36. Bxc5 Rxc5 37. f3 Rc2 38. Rxc2 dxc2 39. Rb7+ Ke6 40. Rc7 Bd3 41. Kf2 Kd5 42. Ke3 Bc4 43. Kd2 Bf1 44. g3 Bxh3 45. Rxc2 Bf5 46. Ra2 Ke5 47. Ke3 Kf6 48. Ra5 Kg5 49. Kf2 Kh6 50. Rc5 Kg5 51. Kg2 Kh6 52. f4 Kg7 53. Kf3 Kh6 54. Ke3 h4 55. gxh4 Kh5 56. Kd4 Kxh4 57. Ke5 Kg4 58. Rc6 Bb1 59. Rf6 Kg3 60. Rf8 Kg4 61. Rb8 Bf5 62. Rb2 Kg3 63. Rb3+ Kg4 64. Rb4 Kg3 65. Rb7 Kg4 66. Rg7 Bc2 67. Rf7 Bf5 68. Rf6 Bc2 69. Kd4 Bf5 70. Ke3 Bc2 71. Rd6 Bf5 72. Rd5 Kh5 73. Kf3 Kh6 74. Kg3 Kg7 75. Kh4 Kf6 76. Rd6+ Ke7 77. Rb6 Bd3 78. Kg5 Kf7 79. Rf6+ Kg7 80. Rd6 Bf5 81. Rd5 Be4 82. Rd7+ Kf8 83. Kf6 Bf5 84. Rg7 Ke8 85. Rxg6 1-0

[Event "January 2 Late 2024"]
[Site "https://www.chess.com"]
[Date "2024.01.02"]
[Round "5"]
[White "Veljanoski, Andrej"]
[Black "Czarnota, Pawel"]
[Result "0-1"]
[Board "48"]
[TimeControl "180+1"]
[WhiteFideId "15003604"]
[BlackFideId "1121219"]
[WhiteElo "2627"]
[BlackElo "2817"]
[WhiteTeam "MKD"]
[BlackTeam "POL"]
[WhiteClock "0:00:00"]
[BlackClock "0:00:07"]

1. Nf3 Nf6 2. c4 g6 3. b3 Bg7 4. Bb2 O-O 5. g3 d6 6. Bg2 e5 7. d3 Nc6 8. O-O Bg4 9. h3 Be6 10. e4 Nd7 11. Nc3 a5 12. Nd5 Nc5 13. d4 exd4 14. Nxd4 Bxd5 15. exd5 Nxd4 16. Bxd4 Re8 17. Qd2 Bxd4 18. Qxd4 Qg5 19. Rfe1 h5 20. h4 Qf5 21. Re3 Rxe3 22. Qxe3 Qe5 23. Re1 Qxe3 24. Rxe3 Kf8 25. Kf1 Na6 26. a3 b6 27. Ke2 a4 28. b4 Nxb4 29. Kd2 Na6 30. Kc3 Nc5 31. Kb4 Re8 32. Kb5 Rxe3 33. fxe3 Ke7 34. Kc6 Kd8 35. Bf3 Nb3 36. Bd1 Nd2 37. Kb5 Ne4 38. Bxa4 Nxg3 39. Bc2 Nf1 40. e4 Ne3 41. Bd3 Ng2 42. e5 dxe5 43. c5 bxc5 44. a4 Kc8 45. Kc6 Kb8 46. a5 Nxh4 47. a6 Ng2 48. a7+ Kxa7 49. Kxc7 Nf4 50. d6 h4 51. d7 Ne6+ 52. Kd6 h3 53. Bc4 Nd8 54. Kc7 h2 55. Bd5 Ne6+ 56. Bxe6 h1=Q 57. d8=Q Qb7+ 58. Kd6 Qa6+ 59. Kxc5 Qxe6 60. Qc7+ Ka8 61. Qa5+ Kb7 62. Qb5+ Kc7 63. Qa5+ Kd7 64. Qa7+ Ke8 65. Qb8+ Ke7 66. Qc7+ Kf6 67. Qb8 e4 68. Kd4 e3 69. Qh8+ Kg5 70. Qh2 e2 71. Qg3+ Kf6 72. Qe1 Kg7 73. Kd3 g5 74. Qc3+ f6 75. Qe1 Kg6 76. Kd2 f5 77. Kc2 g4 78. Kd2 Qe5 79. Kc2 Qe3 0-1

[Event "January 2 Late 2024"]
[Site "https://www.chess.com"]
[Date "2024.01.02"]
[Round "5"]
[White "Lashkin, Jegor"]
[Black "Keleberda, Tymur"]
[Result "1-0"]
[Board "49"]
[TimeControl "180+1"]
[WhiteFideId "13907808"]
[BlackFideId "14174294"]
[WhiteElo "2817"]
[BlackElo "2648"]
[WhiteTeam "MDA"]
[BlackTeam "CAN"]
[WhiteClock "0:00:08"]
[BlackClock "0:00:11"]

1. d4 Nf6 2. c4 e6 3. Nf3 b6 4. Nc3 Bb4 5. Bd2 Bb7 6. e3 O-O 7. Bd3 d5 8. cxd5 exd5 9. O-O a5 10. Rc1 Be7 11. Ne5 c5 12. f4 Nc6 13. Ne2 Nxe5 14. fxe5 Ne4 15. Ng3 Nxg3 16. hxg3 Ba6 17. Bxa6 Rxa6 18. a4 c4 19. b3 Ba3 20. Rb1 Qe7 21. bxc4 dxc4 22. Bc3 Bb4 23. Qd2 Rc8 24. Bxb4 axb4 25. Qxb4 Qg5 26. Rf3 c3 27. Qb3 Ra7 28. e6 c2 29. exf7+ Kf8 30. Rc1 Qg6 31. Rf2 Rac7 32. Qb4+ Re7 33. Qb3 Rec7 34. Qa3+ Re7 35. Qb3 Rxf7 36. Rcxc2 Rxc2 37. Rxc2 Qg4 38. Qb4+ Kg8 39. Qe1 Qe4 40. Rc8+ Rf8 41. Rxf8+ Kxf8 42. Qb4+ Kf7 43. Qd2 Qb1+ 44. Kh2 Ke6 45. Qe2 Qe4 46. Qc4+ Kf6 47. Qb4 Qxe3 48. Qxb6+ Kf7 49. Qc5 Qh6+ 50. Kg1 Qe3+ 51. Kf1 Qxg3 52. Qd5+ Kf8 53. Qa8+ Kf7 54. Qf3+ Qxf3+ 55. gxf3 Ke6 56. Ke2 Kd5 57. Ke3 h5 58. a5 h4 59. a6 Kc6 60. Kf4 g5+ 61. Kg4 Kb6 62. f4 gxf4 63. Kxh4 Kxa6 64. Kg4 f3 65. Kxf3 Kb6 66. Ke4 Kc6 67. Ke5 Kc7 68. Ke6 Kd8 69. Kd6 Kc8 70. Ke7 Kc7 71. d5 Kb6 72. d6 Kc6 73. d7 1-0

[Event "January 2 Late 2024"]
[Site "https://www.chess.com"]
[Date "2024.01.02"]
[Round "5"]
[White "Seemann, Jakub"]
[Black "Ehlvest, Jaan"]
[Result "0-1"]
[Board "50"]
[TimeControl "180+1"]
[WhiteFideId "21874697"]
[BlackFideId "4500016"]
[WhiteElo "2816"]
[BlackElo "2626"]
[WhiteTeam "POL"]
[BlackTeam "USA"]
[WhiteClock "0:00:00"]
[BlackClock "0:00:33"]

1. b3 e5 2. Bb2 Nc6 3. e3 g6 4. Bb5 Nge7 5. Nf3 Bg7 6. O-O O-O 7. d4 e4 8. Nfd2 f5 9. Nc3 d5 10. f3 Be6 11. fxe4 fxe4 12. Rxf8+ Qxf8 13. Qe2 Nf5 14. Bxc6 bxc6 15. Na4 Bh6 16. Nf1 Qf6 17. Nc5 Rf8 18. c3 Bc8 19. Bc1 Rf7 20. Bd2 Bf8 21. Be1 h5 22. h3 Bxc5 23. dxc5 d4 24. Ng3 Nxe3 25. Nxe4 Qf1+ 26. Qxf1 Rxf1+ 27. Kh2 Nc2 28. Rc1 Nxe1 29. Kg3 d3 30. Nd2 Rg1 31. Kf2 Rxg2+ 32. Kxe1 Re2+ 33. Kd1 Bxh3 34. c4 Bg4 35. Rc3 h4 36. Kc1 h3 37. Rxd3 h2 0-1

[Event "January 2 Late 2024"]
[Site "https://www.chess.com"]
[Date "2024.01.02"]
[Round "5"]
[White "Cabarkapa, Novak"]
[Black "Yagupov, Igor"]
[Result "0-1"]
[Board "51"]
[TimeControl "180+1"]
[WhiteFideId "943746"]
[BlackFideId "4113632"]
[WhiteElo "2815"]
[BlackElo "2623"]
[WhiteTeam "SRB"]
[BlackTeam "RUS"]
[WhiteClock "0:00:00"]
[BlackClock "0:00:07"]

1. d4 d5 2. Nc3 Nf6 3. Bf4 a6 4. e3 e6 5. g4 Bb4 6. Ne2 Ne4 7. Bg2 Nxc3 8. Nxc3 c5 9. O-O Nc6 10. Ne2 cxd4 11. exd4 Bd6 12. c3 h5 13. Bxd6 Qxd6 14. g5 h4 15. f4 Bd7 16. h3 O-O-O 17. b4 f6 18. Qd2 fxg5 19. fxg5 e5 20. dxe5 Nxe5 21. Qd4 Bb5 22. Rae1 Nd3 23. Rd1 Nxb4 24. cxb4 Bxe2 25. Rc1+ Kb8 26. Rf7 Bb5 27. Rc5 Bc6 28. Qxg7 Rhg8 29. Qd4 Rxg5 30. Rc2 Rdg8 31. Rf6 Qd7 32. Qf4+ Ka8 33. Rf8+ Rxf8 34. Qxf8+ Ka7 35. Qf2+ Ka8 36. Qxh4 Qg7 37. Kh1 Qa1+ 38. Kh2 Qe5+ 39. Kh1 Qa1+ 40. Kh2 Qe5+ 41. Kh1 d4 42. Rc1 Bxg2+ 0-1